 Dungeon Crawl Stone Soup version 0.28-a0-474-g535839065c (webtiles) character file.

Game seed: 11161968929446487530

111 zazu2006 the Magician (level 4, 0/36 HPs)
             Began as a Naga Hedge Wizard on Sept 15, 2021.
             Slain by a hobgoblin (4 damage)
             ... on level 4 of the Dungeon.
             The game lasted 00:04:04 (3437 turns).

zazu2006 the Magician (Naga Hedge Wizard)           Turns: 3437, Time: 00:04:04

Health: 0/36       AC:  2    Str: 12    XL:     4   Next: 92%
Magic:  8/10       EV:  9    Int: 15    God:
Gold:   63         SH:  0    Dex: 11    Spells: 2/11 levels left

rFire   . . .      SeeInvis +   a - +0 dagger
rCold   . . .      Faith    .   (no shield)
rNeg    . . .      Spirit   .   i - +0 leather armour
rPois   +          Reflect  .   c - +0 hat
rElec   .          Harm     .   (no cloak)
rCorr   .          Rampage  .   (no gloves)
Will    .....                   (no barding)
Stlth   ++........              (no amulet)
HPRegen 0.12/turn               (no ring)
MPRegen 0.12/turn               (no ring)

@: brilliant, very slow
A: AC +1, large, see invisible, deformed body, poison resistance, slowness 2,
spit poison 1, naga tail 1
a: Spit Poison


You were on level 4 of the Dungeon.
You visited 1 branch of the dungeon, and saw 4 of its levels.

You collected 63 gold pieces.

Inventory:

Hand Weapons
 a - a +0 dagger (weapon)
Armour
 b - a +0 robe
 c - a +0 hat (worn)
 h - a +0 buckler
 i - a +0 leather armour (worn)
Scrolls
 d - a scroll of brand weapon {unknown}
 f - a scroll of teleportation {unknown}
 j - a scroll of identify {unknown}
 k - a scroll of vulnerability {unknown}
Potions
 e - a potion of haste {unknown}


   Skills:
 + Level 0.3 Armour
 + Level 1.9 Dodging
 + Level 3.2 Stealth
 + Level 4.0 Spellcasting
 + Level 2.4 Conjurations
 + Level 1.0 Summonings
 + Level 1.0 Translocations
 * Level 1.5 Poison Magic


You had 2 spell levels left.
You knew the following spells:

 Your Spells              Type           Power      Damage    Failure   Level
a - Magic Dart            Conj           60%        1d6       9%          1
b - Mephitic Cloud        Conj/Pois/Air  10%        N/A       36%         3
c - Conjure Flame         Conj/Fire      10%        6-21      38%         3
d - Blink                 Tloc           N/A        N/A       22%         2

Your spell library contained the following spells:

 Spells                   Type           Power      Damage    Failure   Level
 Call Imp                 Summ           9%         N/A       22%         2
 Slow                     Hex            4%         N/A       34%         2


Dungeon Overview and Level Annotations

Branches:
Dungeon (4/15)
 Temple: D:4-7

Altars:

Shops:
D:1 [


Innate Abilities, Weirdness & Mutations

Your serpentine skin is tough. (AC +1)
You have supernaturally acute eyesight. (SInv)
Armour fits poorly on your strangely shaped body.
Your system is resistant to poisons. (rPois)
You cover ground very slowly.
You can spit poison.
You have a snake-like lower body.


Message History

A hobgoblin and an orc come into view.
Found a stone staircase leading down.
You have got your breath back.
The kobold brigand throws a poisoned dart.
The poisoned dart hits you!
You are poisoned.
You feel very sick. The orc hits you with a +0 hand axe.
You feel very sick. The orc barely misses you. The hobgoblin barely misses you.
You feel sick. The hobgoblin hits you. The orc closely misses you.
You feel sick. The orc hits you but does no damage. The hobgoblin hits you.
You feel sick.
You feel sick.
You are no longer poisoned.
The orc barely misses you. The orc hits you with a +0 hand axe.
* * * LOW HITPOINT WARNING * * *
There is a stone staircase leading down here.
The orc hits you with a +0 hand axe.
* * * LOW HITPOINT WARNING * * *
The orc hits you with a +0 hand axe.
* * * LOW HITPOINT WARNING * * *
The hobgoblin hits you.
* * * LOW HITPOINT WARNING * * *
You climb downwards.
You hear the hiss of flowing sand.
There is an entrance to an ossuary on this level.
Hurry and find it before the portal is buried!
Found five items.
Found a stone staircase leading down.
There is a stone staircase leading up here.
Casting: Magic Dart (safe; 9% risk of failure)
Confirm with . or Enter, or press ? or * to list all spells.
You blink.
A hound comes into view.
Found 3 gold pieces and a sharpened wooden wand.
The hound barks!
You see here 3 gold pieces.
It was a potion of brilliance.
You feel clever all of a sudden.
Found a book of Minor Magic.
The hobgoblin hits you.
You die...

...)........##.
#.#...............
##.................
...................
.... #.o<.......
... #.......$..
##.##.####.....##..
#.......##.....#
.......@goh....#
......##.#.....#
:.... ...........
.........#......>
........##.../...
........ .....## .
...... .....#
...... ......


You could see a hound, an orc and a hobgoblin.

Vanquished Creatures
  An orc priest (D:3)
  3 adders (D:2)
  2 worms (D:2)
  3 ball pythons
  5 endoplasms (D:1)
  4 giant cockroaches
  4 goblins
  3 hobgoblins (D:1)
  5 jackals
  5 quokkas
  3 bats
  A frilled lizard (D:2)
  5 kobolds (D:1)
  A rat (D:1)
45 creatures vanquished.

Notes
Turn   | Place    | Note
-------+----------+-------------------------------------------
     0 | D:1      | zazu2006 the Naga Hedge Wizard began the quest for the Orb.
     0 | D:1      | Reached XP level 1. HP: 15/15 MP: 4/4
   241 | D:1      | Reached XP level 2. HP: 20/22 MP: 3/6
   335 | D:1      | Found Sikk's Armour Boutique.
   698 | D:1      | Found a faded altar of an unknown god.
  1024 | D:1      | Reached XP level 3. HP: 28/28 MP: 5/8
  1028 | D:1      | Learned a level 3 spell: Mephitic Cloud
  1032 | D:1      | Learned a level 3 spell: Conjure Flame
  1035 | D:1      | Learned a level 2 spell: Blink
  2124 | D:2      | Reached XP level 4. HP: 22/36 MP: 0/9
  2572 | D:2      | Reached skill level 1 in Poison Magic
  3162 | D:3      | Reached skill level 4 in Spellcasting
  3419 | D:3      | Noticed a kobold brigand
  3437 | D:4      | Slain by a hobgoblin

Illustrated notes

Levels and vault maps discovered:
D:1:      doesnt_arrival_eight_statues, layout_basic, serial_co_window_serial,
          co_window_paths_a, co_window_paths_a, co_window_paths_a,
          co_window_of_opportunity_a, co_window_paths_b, co_window_corner_a,
          co_window_paths_b, co_window_paths_a, co_window_paths_a,
          co_window_paths_c, co_window_broadway_a, co_window_cross_2,
          co_window_paths_d, glass_columns_a,
          hellmonk_ecumenical_altar_leap_of_faith, serial_shops, shop_fountains,
          minmay_distorted
D:2:      layout_basic, minmay_diced_spiral
D:3:      layout_basic, mainiacjoe_overflow_large_starburst
D:4:      layout_cave_pools, lightli_ossuary_entry_decrepit_ruins,
          nicolae_specific_store, minmay_misc_feat_tiny,
          small_statue_intersection

Skill      XL: |  1  2  3  4 |
---------------+-------------+-----
Conjurations   | 2 |  2.4
Poison Magic   | 1 |  1.5
Spellcasting   | 4 |  4.0
Armour         | |  0.3
Dodging        | |  1.9
Stealth        | |  3.2
Summonings     | |  1.0
Translocations | |  1.0

Action                   |  1- 3 |  4- 6 || total
-------------------------+-------+-------++-------
Melee: Dagger            |    17 |     9 ||    26
 Cast: Magic Dart        |    99 |    51 ||   150
       Blink             |       |     1 ||     1
 Abil: Spit Poison       |     8 |     6 ||    14
  Use: Potion            |       |     1 ||     1
Armor: Robe              |     7 |       ||     7
       Leather armour    |     1 |    11 ||    12
Dodge: Dodged            |    29 |    29 ||    58

Table legend: (Time is in decaauts)
 A = Elapsed time spent in this place.
 B = Non-inter-level travel time spent in this place.
 C = Inter-level travel time spent in this place.
 D = Time resting spent in this place.
 E = Time spent auto-exploring this place.
 F = Levels seen in this place.
 G = Mean time per level.
                   A        B        C        D        E       F      G
               +--------+--------+--------+--------+--------+-----+--------+
         Total |   4076 |   4000 |     76 |    368 |   3191 |   4 | 1019.0 |
       Dungeon |   4076 |   4000 |     76 |    368 |   3191 |   4 | 1019.0 |
               +--------+--------+--------+--------+--------+-----+--------+

Top non-repeatable levels by time:
     D:1: 2046 daAuts
     D:2: 1436 daAuts
     D:3: 588 daAuts
     D:4: 4 daAuts
